 Dungeon Crawl Stone Soup version 0.30-a0-930-gb9d0489357 (webtiles) character file.

Game seed: 13620780726264577451

41 Nyon the Chopper (level 3, -1/33 HPs)
             Began as a Minotaur Berserker on Mar 24, 2023.
             Was a Follower of Trog.
             Slain by an endoplasm (2 damage)
             ... on level 2 of the Dungeon.
             The game lasted 00:04:29 (1098 turns).

Nyon the Chopper (Minotaur Berserker)               Turns: 1098, Time: 00:04:29

Health: -1/33      AC:  2    Str: 21    XL:     3   Next: 32%
Magic:  2/2        EV: 12    Int:  4    God:    Trog [*.....]
Gold:   47         SH:  0    Dex: 11    Spells: 2/2 levels left

rFire   . . .      SeeInvis .    a - +0 hand axe
rCold   . . .      Faith    .    (no shield)
rNeg    . . .      Spirit   .    b - +0 animal skin
rPois   .          Reflect  .    (helmet restricted)
rElec   .          Rampage  .    (no cloak)
rCorr   .                        (no gloves)
Will    .....                    (no boots)
Stlth   +                        (no amulet)
HPRegen 0.25/turn                (no ring)
MPRegen 0.08/turn                (no ring)

@: no status effects
A: horns 2, retaliatory headbutt
a: Renounce Religion, Berserk


You were on level 2 of the Dungeon.
You worshipped Trog.
Trog was aware of your devotion.
You visited 1 branch of the dungeon, and saw 2 of its levels.

You collected 47 gold pieces.

Inventory:

Hand Weapons
 a - a +0 hand axe (weapon)
Armour
 b - a +0 animal skin (worn)
Potions
 c - a potion of flight
 g - a potion of heal wounds


   Skills:
 + Level 4.0 Fighting
 * Level 4.4 Axes
 + Level 2.9 Armour
 + Level 2.6 Dodging


You had 2 spell levels left.
You didn't know any spells.
Your spell library was empty.

Dungeon Overview and Level Annotations

Branches:
Dungeon (2/15)

Altars:


Innate Abilities, Weirdness & Mutations

You have a pair of horns on your head.
You reflexively headbutt those who attack you in melee.


Message History

The endoplasm freezes you.
You are frozen.
The rat attacks as you move away! The rat barely misses you.
The endoplasm attacks as you move away! The endoplasm hits you.
The endoplasm hits you. The rat misses you. You furiously retaliate!
You headbutt the rat!
You kill the rat!
Trog accepts your kill.
You feel yourself speed up. The endoplasm attacks as you move away!
The endoplasm hits you.
You open the door. The endoplasm closely misses you.
The endoplasm attacks as you move away! The endoplasm misses you.
There is an open door here.
Found a stone staircase leading down.
You recover from your berserk rage.
The endoplasm attacks as you move away! The endoplasm hits you.
The endoplasm attacks as you move away! The endoplasm misses you.
You hit the endoplasm but do no damage. The endoplasm hits you.
The endoplasm misses you. The endoplasm barely misses you.
The endoplasm freezes you.
You are frozen.
The endoplasm hits you but does no damage.
The endoplasm hits you. The endoplasm completely misses you.
The endoplasm freezes you.
You are frozen.
The endoplasm misses you. The endoplasm closely misses you.
The endoplasm freezes you.
You are frozen.
* * * LOW HITPOINT WARNING * * *
The endoplasm freezes you.
You are frozen.
* * * LOW HITPOINT WARNING * * *
The endoplasm freezes you.
You are frozen.
* * * LOW HITPOINT WARNING * * *
The endoplasm hits you.
You die...

##'#$.....
#.#.##### #.#.#
##.#.# ###
##....#...
#.....#.##
##...>...# .
.######J#..#....
........@....##
.#############


You could see an endoplasm.

Vanquished Creatures
  2 adders (D:2)
  A dart slug (D:1)
  3 ball pythons (D:1)
  A giant cockroach (D:1)
  2 goblins
  4 jackals (D:1)
  A quokka (D:1)
  A bat (D:1)
  2 frilled lizards
  A kobold (D:1)
  3 rats
21 creatures vanquished.

Vanquished Creatures (others)
  59 plants (D:1)
59 creatures vanquished.

Grand Total: 80 creatures vanquished

Notes
Turn   | Place    | Note
-------+----------+-------------------------------------------
     0 | D:1      | Nyon the Minotaur Berserker began the quest for the Orb.
     0 | D:1      | Reached XP level 1. HP: 19/19 MP: 0/0
   316 | D:1      | Reached XP level 2. HP: 17/27 MP: 1/1
  1051 | D:2      | Reached XP level 3. HP: 33/33 MP: 2/2
  1097 | D:2      | HP: 1/33 [frozen (5)]
  1098 | D:2      | Slain by an endoplasm

Illustrated notes

Levels and vault maps discovered:
D:1:      roderic_crop_circles_arrival_small, layout_loops_cross,
          serial_bayou_pond_a, chequers_serial_rivers_small_b
D:2:      layout_loops_corners, uniq_terence

Skill      XL: |  1  2 |
---------------+-------+-----
Axes           | 4 |  4.4
Fighting       | 4 |  4.0
Armour         | |  2.9
Dodging        | |  2.6

Action                     || total
---------------------------++-------
  Melee: Hand axe          ||   101
         Headbutt          ||    32
 Invoke: Berserk           ||     1
    Use: Scroll            ||     7
 Armour: Animal skin       ||     7
  Dodge: Dodged            ||    39

Table legend: (Time is in decaauts)
 A = Elapsed time spent in this place.
 B = Non-inter-level travel time spent in this place.
 C = Inter-level travel time spent in this place.
 D = Time resting spent in this place.
 E = Time spent auto-exploring this place.
 F = Levels seen in this place.
 G = Mean time per level.
                   A        B        C        D        E       F      G
               +--------+--------+--------+--------+--------+-----+--------+
         Total |   1116 |   1076 |     40 |      0 |    774 |   2 |  558.0 |
       Dungeon |   1116 |   1076 |     40 |      0 |    774 |   2 |  558.0 |
               +--------+--------+--------+--------+--------+-----+--------+

Top non-repeatable levels by time:
     D:1: 938 daAuts
     D:2: 178 daAuts
